AoeStats
← Richardodjr

African Clearing

510635006Analyzed
4v4 RM · 2d ago on Oct 1, 2026· 37m 26s· 8 players
Game mode
Random Map
Map size
Large (8 player)
Population
200
Speed
Normal
Resources
Standard
Victory
Conquest
Starting age
Dark Age
Ending age
Imperial Age
RankedLock teamsTeams togetherTeam positionsShared explorationLock speedFull tech treeHidden civsTurbo modeCheats
Victory
Defeat
🇲🇽 Hindustanis · Mexico
1097
+13
🇨🇳 Mapuche · China
1093
+14
🇲🇽 Goths · Mexico
1090
+14
🇪🇸 Magyars · Spain
982
+19
🇩🇪 Georgians · Germany
1086
-17
🇵🇪 Saxons · Peru
1043
-15
🇹🇷 Magyars · Türkiye
1037
-15
🇬🇧 Berbers · United Kingdom
993
-13
El Gran Bizantino
4:33 Loom
14:25 Feudal Age
14:55 Man-at-Arms
18:17 Gold Mining
27:14 Wheelbarrow
30:01 Castle Age
29:55 Double-Bit Axe
35:46 Scale Mail Armor
35:57 Forging
37:00 Squires
37:26 Redemption
SemperBlender
Horahlooks
8:57 Loom
18:13 Feudal Age
22:29 Castle Age
20:35 Double-Bit Axe
21:15 Horse Collar
24:05 Bloodlines
24:15 Scale Barding Armor
24:56 Bow Saw
25:28 Forging
30:34 Husbandry
30:47 Fletching
32:36 Wheelbarrow
32:49 Gold Mining
37:01 Heavy Plow
Jewish MasterMind
3:12 Loom
6:28 Loom
6:34 Loom
12:24 Feudal Age
14:05 Bloodlines
15:50 Scale Barding Armor
23:16 Castle Age
21:24 Horse Collar
21:31 Double-Bit Axe
22:00 Stone Mining
22:21 Gold Mining
24:44 Town Watch
37:06 Wheelbarrow
Oogway
6:31 Loom
14:08 Feudal Age
15:14 Horse Collar
18:14 Castle Age
18:17 Double-Bit Axe
19:31 Bow Saw
19:28 Heavy Plow
23:24 Wheelbarrow
22:39 Town Watch
26:10 Gold Mining
27:41 Hand Cart
28:16 Bloodlines
28:07 Husbandry
28:27 Forging
29:43 Scale Barding Armor
29:08 Light Cavalry
34:24 Imperial Age
32:49 Gold Shaft Mining
33:01 Stone Mining
34:24 Stone Shaft Mining
33:56 Town Patrol
34:41 Iron Casting
34:26 Chain Barding Armor
36:22 Blast Furnace
34:46 Heavy Camel Rider
34:53 Hussar
35:14 Heavy Camel Rider
36:00 Town Patrol
38:06 Plate Barding Armor
Richardodjr
3:30 Loom
14:00 Feudal Age
18:32 Castle Age
16:49 Stone Mining
25:45 Wheelbarrow
25:57 Double-Bit Axe
26:53 Horse Collar
29:41 Hand Cart
30:05 Forging
29:56 Scale Mail Armor
30:20 Town Watch
31:12 Bow Saw
31:39 Anarchy
36:34 Imperial Age
33:59 Man-at-Arms
33:59 Pikeman
34:40 Squires
35:35 Iron Casting
35:15 Chain Mail Armor
34:34 Long Swordsman
35:20 Anarchy
35:37 Heavy Plow
38:43 Two-Man Saw
37:48 Perfusion
38:08 Conscription
deibergu17
13:56 Loom
15:42 Feudal Age
23:47 Castle Age
KISSSHOT
14:33 Loom
18:43 Feudal Age
19:08 Champi Runner
19:37 Arson
19:49 Double-Bit Axe
19:48 Horse Collar
20:51 Scale Mail Armor
21:56 Wheelbarrow
21:17 Gold Mining
22:19 Horse Collar
22:45 Town Watch
31:47 Castle Age
31:48 Champi Warrior
32:44 Chain Mail Armor
32:50 Forging
35:00 Iron Casting
Connection lost

Rejoining the realm…

Still unreachable

The connection could not be restored.

Session expired

The server has moved on; the page needs a fresh start.